Description

Taken from Vibe's "Terran B2GM 2021 - Platinum 1 to Diamond 3"

VOD

https://www.youtube.com/watch?v=wKU4ZiU1fWM&t=214s

Build Order

Get SALT Encoding   

  14  0:17  Supply Depot  
  16  0:45  Barracks  
  16  0:51  Refinery  
  19  1:32  Orbital Command  
  19  1:33  Marine  
  20  1:41  Command Center  Low ground
  20  1:51  Marine  
  21  1:52  Supply Depot  
  22  2:23  Factory, Barracks Reactor  
  24  2:37  Bunker  Optional based on scout
  25  2:53  Orbital Command  
  25  2:59  Marine x2  Constant production
  28  3:09  Factory Tech Lab  
  28  3:11  Barracks  
  33  3:24  Refinery  
  33  3:27  Cyclone  Based on Stargate scout
  43  4:00  Starport  
  43  4:01  Barracks Tech Lab  
  46  4:11  Siege Tank  
  54  4:33  Stimpack  
  58  4:43  Command Center  High ground
  58  4:47  Starport Reactor  
  65  5:07  Refinery x2  
  67  5:22  Siege Tank  
  77  5:38  Medivac x2  
  86  5:50  Engineering Bay x2  
  91  6:02  Siege Tank  
  98  6:28  Terran Infantry Weapons Level 1, Terran Infantry Armor Level 1  
  102  6:48  Armory  
Spawning Tool Build Advisor. Get it on Overwolf

Analysis

-Two Medivac's full of Marine's should be moving out around 6:25-6:30

-Three tanks should be left at home to defend.

-Build excess Barracks just before floating third base out.

Go to:

Details

  • Created by: zebulajams    
  • Published on: Dec 20, 2021
  • Modified on: Dec 20, 2021
  • Patch: 4.11.0
  • Difficulty: Easy
Show
View Real Time Build Order
Export as new Build Order

Comments (0)

There are no comments. Be the first!

Create an account to comment!